 Dungeon Crawl Stone Soup version 0.29.0-11-gd7f09526c8 (webtiles) character file.

Game seed: 12628782077997043456

3013 wingedge the Summoner (level 9, -3/71 HPs)
             Began as a Demigod Conjurer on Sept 6, 2022.
             Slain by a slime creature (16 damage)
             ... on level 8 of the Dungeon.
             The game lasted 00:34:56 (10314 turns).

wingedge the Summoner (Demigod Conjurer)           Turns: 10314, Time: 00:34:56

Health: -3/71      AC: 15    Str: 20    XL:     9   Next: 30%
Magic:  5/16       EV:  7    Int: 20    God:
Gold:   456        SH: 10    Dex: 12    Spells: 3/14 levels left

rFire   . . .      SeeInvis .   b - +0 mace (protect)
rCold   . . .      Faith    .   x - +0 tower shield
rNeg    . . .      Spirit   .   i - +1 ring mail
rPois   .          Reflect  .   u - +0 helmet
rElec   .          Harm     .   G - +0 cloak
rCorr   .          Rampage  .   (no gloves)
Will    .....                   r - +1 pair of boots
Stlth   ++........              y - amulet of regeneration
HPRegen 1.01/turn               D - +4 ring of protection
MPRegen 0.15/turn               v - ring of wizardry

@: no status effects
A: high MP 1, forlorn, divine attributes
a: no special abilities


You were on level 8 of the Dungeon.
You visited 2 branches of the dungeon, and saw 9 of its levels.

You collected 499 gold pieces.
You spent 43 gold pieces at shops.

Inventory:

Hand Weapons
 a - a +1 short sword of venom
 b - a +0 mace of protection (weapon)
 c - a +0 shortbow
 d - a +0 broad axe
 H - a +2 shortbow of freezing
Missiles
 m - 2 atropa-tipped darts
 C - a throwing net
Armour
 i - a +1 ring mail (worn)
 r - a +1 pair of boots (worn)
 u - a +0 helmet (worn)
 x - a +0 tower shield (worn)
 G - a +0 cloak (worn)
Jewellery
 n - a ring of resist corrosion
 v - a ring of wizardry (right hand)
 y - an amulet of regeneration (around neck)
 A - a ring of protection from cold
 D - a +4 ring of protection (left hand)
Scrolls
 f - 3 scrolls of teleportation
 h - 2 scrolls of magic mapping
 j - 2 scrolls of butterflies
 l - 3 scrolls of amnesia
 o - 2 scrolls of acquirement {unknown}
 p - 2 scrolls of noise {unknown}
 q - a scroll of vulnerability {unknown}
 t - a scroll of torment {unknown}
 z - a scroll of blinking
 F - a scroll of brand weapon {unknown}
Potions
 e - 2 potions of brilliance
 g - a potion of mutation
 k - 2 potions of degeneration {unknown}
 s - a potion of lignification
 w - 2 potions of curing
 B - 2 potions of might {unknown}
 E - 2 potions of magic


   Skills:
 - Level 4.0 Fighting
 - Level 2.0 Ranged Weapons
 - Level 3.0 Armour
 - Level 3.0 Dodging
 + Level 4.1 Stealth
 - Level 3.0 Spellcasting
 - Level 5.0 Conjurations
 - Level 8.0 Summonings
 - Level 1.0 Necromancy
 - Level 1.0 Transmutations
 - Level 2.0 Air Magic
 - Level 2.0 Poison Magic


You had 3 spell levels left.
You knew the following spells:

 Your Spells              Type           Power      Damage    Failure   Level
a - Magic Dart            Conj           92%        1d7       22%         1
b - Searing Ray           Conj           46%        2d6       32%         2
c - Call Imp              Summ           35%        N/A       10%         2
d - Call Canine Familiar  Summ           35%        N/A       19%         3
e - Mephitic Cloud        Conj/Pois/Air  15%        N/A       80%         3

Your spell library contained the following spells:

 Spells                   Type           Power      Damage    Failure   Level
 Sublimation of Blood     Necr           7%         N/A       83%         2
 Dazzling Flash           Conj/Hex       26%        N/A       86%         3
 Passwall                 Tmut/Erth      4%         N/A       88%         2
 Swiftness                Air            11%        N/A       89%         3
 Ensorcelled Hibernation  Hex/Ice        6%         N/A       92%         2
 Spider Form              Tmut/Pois      9%         N/A       93%         3
 Portal Projectile        Hex/Tloc       6%         N/A       99%         3
 Fulminant Prism          Conj/Hex       6%         3d7       99%         4
 Iskenderun's Mystic Bla  Conj/Tloc      13%        2d5       99%         4
 Anguish                  Hex/Necr       2%         N/A       100%        4
 Leda's Liquefaction      Hex/Erth       1%         N/A       100%        4
 Petrify                  Tmut/Erth      5%         N/A       100%        4
 Irradiate                Conj/Tmut      7%         3d14      100%        5


Dungeon Overview and Level Annotations

Branches:
Dungeon (8/15)             Temple (1/1) D:5
   Lair: D:8-11

Shops:
D:1 *   D:7 [


Innate Abilities, Weirdness & Mutations

You have an increased reservoir of magic. (+10% MP)
You shall have no god before yourself.
Your divine heritage dramatically boosts your attributes as you level up.


Message History

You block the slime creature's attack.
Your crimson imp blinks!
Training target 8.0 for Summonings reached!
Your Stealth skill increases to level 4!
Your Summonings skill increases to level 8!
Unknown command.
You completely miss the slime creature. The slime creature barely misses you.
The slime creature closely misses you.
Unknown command.
Casting: Call Imp (safe; 10% risk of failure)
Confirm with . or Enter, or press ? or * to list all spells.
A beastly little devil appears in a puff of flame.
Your crimson imp disappears in a puff of smoke!
The slime creature hits your crimson imp!!
Your crimson imp dies!
Your crimson imp disappears in a puff of smoke!
The slime creature hits you!
Casting: Call Imp (safe; 10% risk of failure)
Confirm with . or Enter, or press ? or * to list all spells.
The slime creature quivers.
The slime creature hits you.
Unknown command.
Unknown command.
You hit the slime creature.
Your weapon exudes an aura of protection.
The slime creature is severely wounded.
Your hound barely misses the slime creature.
The slime creature hits you!
* * * LOW HITPOINT WARNING * * *
The slime creature hits you but does no damage.
Your hound bites the slime creature.
The slime creature hits you.
* * * LOW HITPOINT WARNING * * *
The slime creature hits you but does no damage.
Unknown command.
You barely miss the slime creature.
The slime creature is severely wounded.
Your hound bites the slime creature. x2
The slime creature hits you but does no damage.
The slime creature hits you!
You die...

...#.#### ....
........# ....
#......# .....
#......# ....
#......###...
###.........####..
......(..........#
...........#
.......J@J.#
.......h...#
...........#
...........#
...........#
...........#
...........+
...........#
##+#...<.#.....


You could see 2 slime creatures and a friendly hound (summoned).

Vanquished Creatures
  Grinder (D:5)
  A slime creature (D:8)
  2 black bears (D:6)
  A sky beast (D:7)
  An ogre (D:2)
  The ghost of kd29 the Ruffian, an amateur DrTm (D:3)
  2 centaurs
  A bullfrog (D:7)
  A scorpion (D:4)
  A hound (D:5)
  A jelly (D:5)
  2 orc priests
  An iguana (D:7)
  4 orc wizards
  12 gnolls
  5 adders
  A shadow imp (D:7)
  A worm (D:2)
  5 dart slugs
  15 orcs
  8 ball pythons
  5 bats
  10 endoplasms
  4 giant cockroaches
  8 goblins
  A hobgoblin (D:3)
  5 jackals
  6 quokkas
  4 frilled lizards
  6 kobolds
  6 rats
122 creatures vanquished.

Vanquished Creatures (collateral kills)
  A hornet (D:6)
  Prince Ribbit (D:5)
  2 steam dragons (D:7)
  A sky beast (D:7)
  A black bear (D:6)
  2 bullfrogs
  A necrophage (D:6)
  2 orc priests (D:6)
  3 hounds
  2 jellies (D:6)
  2 iguanas
  2 orc wizards
  A gnoll (D:7)
  An adder (D:4)
  2 white imps
  An ufetubus (D:5)
  A worm (D:4)
  8 orcs
  A goblin (D:4)
  A quokka (D:4)
  A kobold (D:4)
37 creatures vanquished.

Vanquished Creatures (others)
  5 fungi (D:7)
  3 plants (D:3)
8 creatures vanquished.

Grand Total: 167 creatures vanquished

Notes
Turn   | Place    | Note
-------+----------+-------------------------------------------
     0 | D:1      | wingedge the Demigod Conjurer began the quest for the Orb.
     0 | D:1      | Reached XP level 1. HP: 14/14 MP: 5/5
   169 | D:1      | Reached skill level 1 in Fighting
   269 | D:1      | Reached XP level 2. HP: 23/23 MP: 4/7
   360 | D:1      | Learned a level 2 spell: Searing Ray
   536 | D:1      | Found Ipoh's Assorted Antiques.
   545 | D:1      | Bought an orange potion for 20 gold pieces
   545 | D:1      | Bought a scroll labelled OLAASU DAWOU for 23 gold pieces
  1060 | D:1      | Reached XP level 3. HP: 28/28 MP: 3/8
  1373 | D:2      | Noticed an ogre
  1389 | D:2      | Killed an ogre
  1390 | D:2      | Reached XP level 4. HP: 16/38 MP: 6/9
  1667 | D:2      | Learned a level 2 spell: Call Imp
  2583 | D:3      | Reached skill level 1 in Armour
  2583 | D:3      | Reached XP level 5. HP: 45/45 MP: 2/10
  2705 | D:3      | Noticed kd29's ghost (amateur DrTm)
  2867 | D:3      | Reached skill level 1 in Summonings
  2953 | D:3      | Found a runed translucent gate.
  2954 | D:3      | Found a runed translucent gate.
  2956 | D:3      | Found a runed translucent gate.
  3306 | D:3      | Reached skill level 2 in Summonings
  3800 | D:3      | Reached skill level 3 in Summonings
  4027 | D:3      | Reached XP level 6. HP: 51/51 MP: 2/11
  4543 | D:3      | Killed kd29's ghost
  4544 | D:3      | Reached skill level 4 in Summonings
  5464 | D:4      | Reached skill level 5 in Conjurations
  5464 | D:4      | Reached XP level 7. HP: 49/57 MP: 8/13
  5468 | D:4      | Learned a level 3 spell: Call Canine Familiar
  6473 | D:5      | Entered Level 5 of the Dungeon
  6623 | D:5      | Found a staircase to the Ecumenical Temple.
  6640 | Temple   | Entered the Ecumenical Temple
  6733 | D:5      | Noticed Grinder
  6739 | D:5      | Paralysed by Grinder for 2 turns
  6743 | D:5      | Killed Grinder
  6744 | D:5      | Reached skill level 5 in Summonings
  6813 | D:5      | Noticed Prince Ribbit
  6832 | D:5      | Killed Prince Ribbit
  6833 | D:5      | Reached skill level 6 in Summonings
  7353 | D:5      | Reached XP level 8. HP: 55/63 MP: 4/14
  7750 | D:6      | Reached skill level 1 in Poison Magic
  7754 | D:6      | Learned a level 3 spell: Mephitic Cloud
  7769 | D:6      | Reached skill level 1 in Air Magic
  8002 | D:6      | Noticed a hornet
  8024 | D:6      | Killed a hornet
  8506 | D:6      | Reached skill level 7 in Summonings
  8732 | D:6      | Reached skill level 1 in Ranged Weapons
  9518 | D:7      | Reached skill level 1 in Necromancy
  9518 | D:7      | Reached skill level 1 in Transmutations
  9518 | D:7      | Reached XP level 9. HP: 70/71 MP: 6/16
  9889 | D:7      | Found Kalu Ito's Armour Boutique.
 10310 | D:8      | Reached skill level 8 in Summonings
 10314 | D:8      | Slain by a slime creature

Illustrated notes

Levels and vault maps discovered:
D:1:      onia_arrival_pyramid, layout_basic, shapermc_ecumenical_altar_venn,
          serial_shops, shop
D:2:      layout_rooms, basic_altar
D:3:      layout_basic, mainiacjoe_overflow_concentric_impassable,
          mainiacjoe_overflow_chevrons, gammafunk_ghost_split
D:4:      layout_cave_pods
D:5:      layout_loops_cross, minmay_temple_entry_waves, sigmund_army,
          uniq_prince_ribbit1, uniq_grinder
D:6:      black_bear_nest_2, layout_basic, lemuel_tele_altar,
          nicolae_ru_the_path_less_chosen, amethyst_killhole
D:7:      kennysheep_steamy, layout_cave_pools, lemuel_doored_altar,
          mainiacjoe_overflow_divided_tiny, serial_co_window_serial,
          co_window_cross_1, co_window_corner_a, co_window_corner_a,
          co_window_corner_a, co_window_of_opportunity_a, co_window_paths_b,
          co_window_corner_b, co_window_broadway_b, co_window_of_opportunity_b,
          co_window_corner_b, co_window_cross_3, co_window_sun, glass_columns_c,
          glass_columns_a, nicolae_stop_n_shop_2
D:8:      layout_basic, mainiacjoe_overflow_alcove_2, dpeg_oklobed_lair,
          kennysheep_generic_room_7
Temple:   jpeg_temple_clearing

Skill      XL: |  1  2  3  4  5  6  7  8  9 |
---------------+----------------------------+-----
Fighting       | 1 3 4 |  4.0
Spellcasting   | 2 3 |  3.0
Dodging        | 2 3 |  3.0
Stealth        | 2 4 |  4.1
Conjurations   | 4 5 |  5.0
Armour         | 1 3 |  3.0
Summonings     | 3 4 6 7 8 |  8.0
Poison Magic   | 2 |  2.0
Air Magic      | 2 |  2.0
Ranged Weapons | 2 |  2.0
Necromancy     | 1 |  1.0
Transmutations | 1 |  1.0

Action                   |  1- 3 |  4- 6 |  7- 9 || total
-------------------------+-------+-------+-------++-------
Melee: Flail             |     1 |    30 |       ||    31
       Mace              |       |    55 |   109 ||   164
       Short sword       |       |    20 |    18 ||    38
       Punch             |       |     1 |       ||     1
 Fire: Shortbow          |       |       |    19 ||    19
Throw: Dart              |     3 |     6 |       ||     9
 Cast: Magic Dart        |    61 |    58 |     2 ||   121
       Searing Ray       |     9 |    26 |     8 ||    43
       Call Imp          |       |     7 |    36 ||    43
       Call Canine Famil |       |       |    35 ||    35
       Mephitic Cloud    |       |       |     1 ||     1
  Use: Potion            |     1 |     3 |     1 ||     5
       Scroll            |       |    15 |     3 ||    18
 Stab: Distracted        |       |       |     2 ||     2
Armor: Robe              |     1 |     3 |       ||     4
       Ring mail         |       |    99 |   157 ||   256
       Skin              |       |    18 |       ||    18
Dodge: Dodged            |     5 |    97 |   153 ||   255
Block: Tower shield      |       |       |    35 ||    35
